 Dungeon Crawl Stone Soup version 0.24-a0-447-ge8da9206dc (webtiles) character file.

Game seed: 2875484879145749967

4022 Krouwed the Covered (level 10, 0/79 HPs)
             Began as a Human Fighter on June 25, 2019.
             Was a Follower of the Shining One.
             Slain by an orc warrior
             ... wielding a +0 scimitar
              (7 damage)
             ... on level 7 of the Dungeon.
             The game lasted 00:25:47 (8468 turns).

Krouwed the Covered (Human Fighter)                 Turns: 8468, Time: 00:25:47

Health: 0/79       AC: 16    Str: 19    XL:     10   Next: 47%
Magic:  13/13      EV:  6    Int:  9    God:    the Shining One [*.....]
Gold:   407        SH: 11    Dex: 13    Spells: 9/9 levels left

rFire    + . .     SeeInvis .   a - +0 long sword
rCold    + . .     Gourm    .   c - +0 shield
rNeg     . . .     Faith    .   x - +0 plate armour
rPois    .         Spirit   .   (no helmet)
rElec    .         Reflect  .   r - scarf {repulsion}
rCorr    .         Harm     .   q - +0 pair of gloves
MR       .....                  B - +0 pair of boots (curse)
Stlth    ..........             (no amulet)
HPRegen  0.23/turn              m - ring of protection from fire
MPRegen  0.13/turn              o - ring of protection from cold

@: glowing, repel missiles
A: no striking features
a: Renounce Religion


You were on level 7 of the Dungeon.
You worshipped the Shining One.
The Shining One was aware of your devotion.
You were not hungry.

You visited 2 branches of the dungeon, and saw 9 of its levels.
You also visited: Sewer.

You collected 407 gold pieces.

Inventory:

Hand Weapons
 a - a +0 long sword (weapon)
 b - a +0 hunting sling
Missiles
 k - 210 stones (quivered)
 y - 80 sling bullets
Armour
 c - a +0 shield (worn)
 q - a +0 pair of gloves (worn)
 r - a scarf of repulsion (worn)
 x - a +0 plate armour (worn)
 B - a cursed +0 pair of boots (worn)
Jewellery
 m - a ring of protection from fire (left hand)
 n - an uncursed ring of flight
 o - a ring of protection from cold (right hand)
 t - an uncursed ring of positive energy {unknown}
 v - a +3 ring of strength
 z - an uncursed ring of poison resistance {unknown}
Scrolls
 g - 3 scrolls of amnesia {unknown}
 h - 4 scrolls of teleportation
 s - 3 scrolls of remove curse
 u - a scroll of enchant weapon {unknown}
 A - a scroll of noise {unknown}
 C - 3 scrolls of fear {unknown}
 E - 3 scrolls of identify
 G - a scroll of blinking {unknown}
Potions
 e - 4 potions of heal wounds
 l - 2 potions of curing
 w - 5 potions of flight {unknown}
 F - a potion of invisibility {unknown}
 H - a potion of mutation {unknown}
Comestibles
 d - 5 chunks of flesh
 f - 17 rations


   Skills:
 + Level 7.2 Fighting
 + Level 6.8 Long Blades
 + Level 7.3 Armour
 + Level 3.7 Dodging
 + Level 7.2 Shields
 + Level 4.1 Invocations
 - Level 2.0 Evocations


You had 9 spell levels left.
You didn't know any spells.
Your spell library was empty.

Dungeon Overview and Level Annotations

Branches:
Dungeon (8/15)             Temple (1/1) D:6            Lair (0/6) D:8

Altars:
Ashenzari
Cheibriados
Dithmenos
Elyvilon
Fedhas
Gozag
Hepliaklqana
Kikubaaqudgha
Makhleb
Nemelex Xobeh
Okawaru
Qazlal
Ru
Sif Muna
Trog
Uskayaw
Vehumet
Wu Jian
Xom
Yredelemnul
Zin
The Shining One

Shops:
D:4 [


Message History

The orc warrior is heavily wounded.
The orc warrior barely misses you.
You hit the orc warrior.
The orc warrior is almost dead.
The orc warrior barely misses you.
Your shield and plate armour prevent you from hitting the orc warrior.
The orc warrior is almost dead.
You block the orc warrior's attack.
You hit the orc warrior.
The orc warrior is almost dead.
The orc warrior hits you with a +0 scimitar!
* * * LOW HITPOINT WARNING * * *
Evoke which item? (* to show all) (? for menu, Esc to quit)
Aiming: Corrosive Bolt
Press: ? - help, Shift-Dir - straight line, f - orc warrior
Aim: an orc warrior, wielding a +0 scimitar and wearing a +2 chain mail of fire resistance (almost dead, haloed)
The bolt of acid misses the orc warrior.
The now-empty wand crumbles to dust.
The orc warrior hits you with a +0 scimitar!
You die...

########### #########
#.........###########.......###
#.........#....#....#.......#..
#.........#....'....#.......#..
###.........#....#....#.......#..
............'..o.#....#.......###
............#...@##...#..........
............#....##...#..........
............#.........#..........
............#.........#..........
............#....##...#..........
............#....##...#..........
............#.....#...#.......###
............#.....#...#.......#
............#######...#.......#


You could see an orc warrior.

Vanquished Creatures
  A two-headed ogre (D:7)
  2 basilisks (D:8)
  2 porcupines (D:8)
  2 orc warriors (D:7)
  2 black bears (D:8)
  2 ice beasts
  2 ogres (D:5)
  A phantom (D:8)
  2 wolves
  3 centaurs
  A crocodile (D:8)
  A big kobold (Sewer)
  5 bullfrogs
  2 scorpions
  5 killer bees
  2 crimson imps
  2 orc priests
  2 hounds
  A jelly (D:5)
  9 orc wizards
  2 iguanas
  2 worker ants
  A hound zombie (D:5)
  3 worker ant zombies
  4 gnolls (D:7)
  13 adders
  2 river rats
  4 shadow imps
  2 oozes
  3 worms
  An adder zombie (D:5)
  A dart slug (D:3)
  2 leopard geckos
  14 orcs
  9 bats
  9 giant cockroaches
  3 goblins
  6 hobgoblins
  17 jackals
  5 kobolds
  3 quokkas
  9 frilled lizards
  A leopard gecko skeleton (D:4)
  A quokka skeleton (D:4)
  14 rats
180 creatures vanquished.

Vanquished Creatures (others)
  A bush (D:8)
  5 fungi (D:8)
  12 plants (D:8)
18 creatures vanquished.

Grand Total: 198 creatures vanquished

Notes
Turn   | Place    | Note
-------+----------+-------------------------------------------
     0 | D:1      | Krouwed the Human Fighter began the quest for the Orb.
     0 | D:1      | Reached XP level 1. HP: 18/18 MP: 1/1
   301 | D:1      | Reached XP level 2. HP: 23/24 MP: 2/2
   530 | D:1      | Reached XP level 3. HP: 29/29 MP: 3/3
  1308 | D:2      | Reached XP level 4. HP: 34/35 MP: 4/4
  2138 | D:3      | Reached XP level 5. HP: 41/41 MP: 5/5
  2519 | D:3      | Found a glowing drain.
  2528 | Sewer    | Entered a sewer
  2595 | Sewer    | Noticed a big kobold
  2653 | Sewer    | Killed a big kobold
  2653 | Sewer    | Reached XP level 6. HP: 34/48 MP: 6/6
  2732 | Sewer    | Found a white marble altar of Elyvilon.
  3375 | D:4      | Found Laskoh's Antique Armour Shoppe.
  3655 | D:5      | Entered Level 5 of the Dungeon
  3703 | D:5      | Noticed an ogre
  3710 | D:5      | Reached XP level 7. HP: 28/55 MP: 7/7
  4227 | D:5      | Reached skill level 5 in Fighting
  4227 | D:5      | Reached skill level 5 in Armour
  4227 | D:5      | Reached skill level 5 in Shields
  4324 | D:5      | Reached XP level 8. HP: 17/62 MP: 8/8
  5008 | D:6      | Found a shimmering altar of Xom.
  5124 | D:6      | Found a staircase to the Ecumenical Temple.
  5132 | Temple   | Entered the Ecumenical Temple
  5177 | Temple   | Became a worshipper of the Shining One
  5763 | D:6      | Reached skill level 5 in Long Blades
  6137 | D:7      | Found a shattered altar of Ashenzari.
  6154 | D:7      | Reached XP level 9. HP: 65/69 MP: 9/9
  6418 | D:7      | Reached skill level 1 in Dodging
  6418 | D:7      | Reached skill level 1 in Invocations
  6418 | D:7      | Reached skill level 1 in Evocations
  6449 | D:7      | Reached * piety under the Shining One
  7780 | D:7      | Reached XP level 10. HP: 61/77 MP: 12/12
  7884 | D:8      | Found a staircase to the Lair.
  7976 | D:8      | Noticed a two-headed ogre
  8005 | D:8      | HP: 3/79 [two-headed ogre/+0 giant club (27)]
  8385 | D:7      | Killed a two-headed ogre
  8468 | D:7      | Slain by an orc warrior

Levels and vault maps discovered:
D:1:      sevenhm_arrival_forest_fort_large_2, layout_basic
D:2:      layout_basic
D:3:      layout_basic, portal_sewer_entry_b
D:4:      layout_gridville, serial_shops, kennysheep_mini
D:5:      layout_loops_ring, first_ration, hangedman_decor_slide_cut,
          hangedman_minor_gate_pass
D:6:      layout_basic, minmay_temple_entry_stoned_glass, xom_teletrap_fun
D:7:      layout_gridville, ashenzari_altar_1, nrook_campfire
D:8:      layout_loops_ring, minmay_lair_entry_grove, serial_shops,
          kennysheep_mini_moat
Temple:   regret_index_temple_sigil_plot

Skill      XL: |  1  2  3  4  5  6  7  8  9 10 |
---------------+-------------------------------+-----
Long Blades    | 3 4 5 6 |  6.8
Fighting       | 4 5 6 7 |  7.2
Armour         | 4 5 6 7 |  7.3
Shields        | 4 5 6 7 |  7.2
Dodging        | 2 3 |  3.7
Invocations    | 2 4 |  4.1
Evocations     | 2 |  2.0

Action                   |  1- 3 |  4- 6 |  7- 9 | 10-12 || total
-------------------------+-------+-------+-------+-------++-------
Melee: Long sword        |   106 |   236 |   456 |    36 ||   834
 Fire: Hunting sling     |    10 |       |     8 |       ||    18
Throw: Javelin           |     5 |     4 |    14 |     4 ||    27
       Dart              |       |       |    16 |    10 ||    26
Evoke: Wand              |       |       |       |     6 ||     6
  Use: Scroll            |     2 |     5 |       |     1 ||     8
       Potion            |       |     1 |     2 |       ||     3
  Eat: Chunk             |     1 |     9 |    14 |     2 ||    26
Armor: Scale mail        |    60 |    91 |       |       ||   151
       Plate armour      |       |   101 |   281 |    13 ||   395
Dodge: Dodged            |    42 |    69 |    69 |    15 ||   195
       Deflected         |       |     1 |     3 |       ||     4
Block: Shield            |    64 |   154 |   267 |    17 ||   502
       Rpst.: Long sword |    19 |    21 |    17 |     6 ||    63

Table legend:
 A = Non-vault XP
 B = Vault XP
 C = Vault XP percentage of total XP
 D = Non-vault monster count
 E = Vault monster count
 F = Vault count percentage of total count
                 A         B        C        D         E       F
            +---------+---------+-------+---------+---------+-------
      Total |    4136 |    1611 |  28.0 |     153 |      27 |  15.0
            +---------+---------+-------+---------+---------+-------
        D:1 |      50 |       0 |   0.0 |      25 |       0 |   0.0
        D:2 |      62 |       0 |   0.0 |      20 |       0 |   0.0
        D:3 |      57 |      13 |  18.6 |      20 |       1 |   4.8
        D:4 |     108 |       0 |   0.0 |      12 |       0 |   0.0
        D:5 |     487 |     176 |  26.5 |      19 |       5 |  20.8
        D:6 |     901 |       0 |   0.0 |      20 |       0 |   0.0
        D:7 |    2103 |     116 |   5.2 |      24 |       1 |   4.0
        D:8 |     368 |    1181 |  76.2 |      13 |      10 |  43.5
      Sewer |       0 |     125 | 100.0 |       0 |      10 | 100.0
            +---------+---------+-------+---------+---------+-------
